 Dungeon Crawl Stone Soup version 0.30-a0-1043-g60ff8d5f49 (webtiles) character file.

Game seed: 16086136967901633436

22 Pimp the Firebug (level 2, -1/20 HPs)
             Began as a Hill Orc Fire Elementalist on Apr 10, 2023.
             Slain by an adder (3 damage)
             ... on level 1 of the Dungeon.
             The game lasted 00:04:35 (912 turns).

Pimp the Firebug (Hill Orc Fire Elementalist)        Turns: 912, Time: 00:04:35

Health: -1/20      AC:  3    Str:  9    XL:     2   Next: 91%
Magic:  0/4        EV: 12    Int: 19    God:
Gold:   58         SH:  0    Dex: 10    Spells: 3/4 levels left

rFire   . . .      SeeInvis .    (no weapon)
rCold   . . .      Faith    .    (no shield)
rNeg    . . .      Spirit   .    a - +0 robe
rPois   .          Reflect  .    (no helmet)
rElec   .          Rampage  .    (no cloak)
rCorr   .                        (no gloves)
Will    .....                    h - +0 pair of boots
Stlth   ++                       (no amulet)
HPRegen 0.23/turn                (no ring)
MPRegen 0.09/turn                (no ring)

@: lethally poisoned (-1 -> -5)
A: hooves 1, clever 1, wild magic 1
a: no special abilities


You were on level 1 of the Dungeon.
You visited 1 branch of the dungeon, and saw 2 of its levels.

You collected 58 gold pieces.

Inventory:

Armour
 a - a +0 robe (worn)
 c - a +0 kite shield
 f - a +0 ring mail
 h - a +0 pair of boots (worn)
Scrolls
 g - a scroll of enchant armour {unknown}
 i - a scroll of poison {unknown}
Potions
 b - a potion of magic
 d - a potion of heal wounds {unknown}
 e - a potion of mutation


   Skills:
 + Level 1.8 Dodging
 + Level 1.9 Stealth
 + Level 1.8 Spellcasting
 + Level 1.4 Conjurations
 + Level 3.5 Fire Magic


You had 3 spell levels left.
You knew the following spells:

 Your Spells              Type           Power      Damage    Failure   Level
a - Foxfire               Conj/Fire      56%        2x1d6     10%         1

Your spell library contained the following spells:

 Spells                   Type           Power      Damage    Failure   Level
 Scorch                   Fire           38%        2d6       10%         2
 Inner Flame              Hex/Fire       10%        N/A       34%         3
 Volatile Blastmotes      Fire/Tloc      20%        2d11      34%         3
 Flame Wave               Conj/Fire      14%        2d6       61%         4


Dungeon Overview and Level Annotations

Branches:
Dungeon (2/15)

Altars:


Innate Abilities, Weirdness & Mutations

You have large cloven feet.
Your mind is acute. (Int +4, Str/Dex -1)
Your spells are a little harder to cast, but a little more powerful.


Message History

Confirm with . or Enter, or press ? or * to list all spells.
You conjure some foxfire!
The adder bites you.
You are poisoned.
The adder poisons you!
Your foxfire dissipates!
You feel sick.
The foxfire hits the adder.
The adder is severely wounded.
The adder closely misses you.
You feel sick.
Casting: Foxfire (safe; 9% risk of failure)
Confirm with . or Enter, or press ? or * to list all spells.
You conjure some foxfire!
You feel sick. The adder closely misses you. The adder barely misses you.
Your foxfire dissipates!
You feel sick. The adder attacks as you move away! The adder bites you.
You are more poisoned.
The adder poisons you!
You feel sick. The adder attacks as you move away! The adder bites you.
You are lethally poisoned!
The adder poisons you!
You feel sick. The adder barely misses you.
There is a stone staircase leading up here.
* * * LOW HITPOINT WARNING * * *
You feel very sick. The adder barely misses you.
You climb upwards.
* * * LOW HITPOINT WARNING * * *
You feel sick.
There is a stone staircase leading down here.
It was a potion of mutation.
You feel extremely strange.
You feel less in control of your magic.
You feel clever.
Your feet thicken and deform.
* * * LOW HITPOINT WARNING * * *
You feel sick. The adder misses you.
Casting: Foxfire (safe; 10% risk of failure)
Confirm with . or Enter, or press ? or * to list all spells.
You conjure some foxfire!
* * * LOW HITPOINT WARNING * * *
You feel sick. The adder bites you.
You die...

##.....## #.....####.....>###
##.......## #.....#.......#.###
#.........# #.......#..........
#....###..###.........)(.......
#..###♣##..>......######.......
#..# ♣<♣#####.....# #.......
#..# ♣..♣ ##.....# #.......
##.###..♣###.vv...# #.......
#...#♣.♣##...S@...# ##...##.
#..#..♣.♣.######### ###....
#..####♣.## ###.. #..########
### #...).....# # ##...)...## #
##.....## #######


You could see an adder (ally target).

Vanquished Creatures
  A ball python (D:1)
  An endoplasm (D:1)
  A giant cockroach (D:1)
  3 goblins (D:1)
  2 hobgoblins
  2 jackals (D:1)
  A quokka (D:1)
  A bat (D:1)
  A frilled lizard (D:1)
  4 kobolds (D:1)
  3 rats (D:1)
20 creatures vanquished.

Vanquished Creatures (others)
  54 foxfires
54 creatures vanquished.

Grand Total: 74 creatures vanquished

Notes
Turn   | Place    | Note
-------+----------+-------------------------------------------
     0 | D:1      | Pimp the Hill Orc Fire Elementalist began the quest for the
                  | Orb.
     0 | D:1      | Reached XP level 1. HP: 14/14 MP: 3/3
   132 | D:1      | Reached XP level 2. HP: 20/20 MP: 0/4
   911 | D:1      | Gained mutation: Your spells are a little harder to cast,
                  | but a little more powerful. [potion of mutation]
   911 | D:1      | Gained mutation: Your mind is acute. (Int +4, Str/Dex -1)
                  | [potion of mutation]
   911 | D:1      | Gained mutation: You have large cloven feet. [potion of
                  | mutation]
   912 | D:1      | Slain by an adder

Illustrated notes

Levels and vault maps discovered:
D:1:      pf_arrival_petrified_forest, layout_rooms
D:2:      layout_basic, uniq_terence, uniq_sigmund, uniq_robin

Action                     || total
---------------------------++-------
  Melee: Unarmed           ||    12
   Cast: Foxfire           ||    41
    Use: Potion            ||     1
 Armour: Robe              ||     9
  Dodge: Dodged            ||    39

Table legend: (Time is in decaauts)
 A = Elapsed time spent in this place.
 B = Non-inter-level travel time spent in this place.
 C = Inter-level travel time spent in this place.
 D = Time resting spent in this place.
 E = Time spent auto-exploring this place.
 F = Levels seen in this place.
 G = Mean time per level.
                   A        B        C        D        E       F      G
               +--------+--------+--------+--------+--------+-----+--------+
         Total |    913 |    841 |     72 |    108 |    493 |   2 |  456.5 |
       Dungeon |    913 |    841 |     72 |    108 |    493 |   2 |  456.5 |
               +--------+--------+--------+--------+--------+-----+--------+

Top non-repeatable levels by time:
     D:1: 797 daAuts
     D:2: 116 daAuts
